 Dungeon Crawl Stone Soup version 0.26.0-16-gc1dbca0489 (webtiles) character file.

Game seed: 12958416379872714251

2202 lastplaneout the Martial Artist (level 9, 0/62 HPs)
             Began as a Barachi Transmuter on Jan 19, 2021.
             Was a Believer of Makhleb.
             Killed by divine providence
             ... invoked by an orc priest
              (13 damage)
             ... on level 7 of the Dungeon.
             The game lasted 00:17:56 (8516 turns).

lastplaneout the Martial Artist (BaTm)              Turns: 8516, Time: 00:17:57

Health: 0/62       AC:  7    Str: 16    XL:     9   Next: 34%
Magic:  13/13      EV: 14    Int: 15    God:    Makhleb [**....]
Gold:   367        SH:  0    Dex: 13    Spells: 4/14 levels left

rFire    x . .     SeeInvis .     - Unarmed
rCold    + . .     Faith    .   (no shield)
rNeg     . . .     Spirit   .   D - +2 robe of Precision Catastrophes {rCorr}
rPois    +         Reflect  .   (helmet currently unavailable)
rElec    .         Harm     .   q - +2 cloak {Will+}
rCorr    +         Rampage  .   (no gloves)
Will     +....                  (boots currently unavailable)
Stlth    ++........             (no amulet)
HPRegen  0.20/turn              H - ring of Gizyaqiqas {Ice Str+3 Stlth+}
MPRegen  0.13/turn              z - ring of poison resistance

@: about to teleport, appendages, slow
A: +LOS, swims, horns 2, talons 2, slowness 1, strong legs 1
a: Hop, End Transformation, Renounce Religion, Minor Destruction


You were on level 7 of the Dungeon.
You worshipped Makhleb.
Makhleb was pleased with you.
You had grown temporary horns.
You had grown temporary talons.
You visited 1 branch of the dungeon, and saw 7 of its levels.

You collected 367 gold pieces.

Inventory:

Armour
 j - a +1 pair of boots (melded)
 o - a +2 robe of resistance
 q - a +2 cloak of willpower (worn)
 y - a scarf of harm
 D - the +2 robe of Precision Catastrophes (worn) {rCorr}
   (You found it on level 6 of the Dungeon)

   It provides partial protection from all sources of acid and corrosion.
Jewellery
 a - an uncursed ring of fire
 x - an uncursed ring of positive energy
 z - a ring of poison resistance (right hand)
 B - an uncursed ring of magical power
 G - an uncursed ring of flight {unknown}
 H - the ring of Gizyaqiqas (left hand) {Ice Str+3 Stlth+}
   (You found it on level 6 of the Dungeon)

   [ring of ice]

   It enhances your ice magic.
   It affects your strength (+3).
   It makes you vulnerable to fire.
   It protects you from cold.
   It makes you more stealthy.
Wands
 e - a wand of random effects (16)
 v - a wand of digging (5)
 F - a wand of enslavement (11)
Scrolls
 c - 3 scrolls of teleportation
 d - 5 scrolls of identify
 k - 2 scrolls of fog {unknown}
 m - 2 scrolls of blinking
 p - a scroll of fear {unknown}
 r - 2 scrolls of remove curse
 t - a scroll of magic mapping {unknown}
 u - a scroll of immolation {unknown}
 C - 3 scrolls of noise {unknown}
Potions
 b - a potion of invisibility {unknown}
 f - 4 potions of lignification
 g - 2 potions of resistance {unknown}
 h - 2 potions of brilliance {unknown}
 i - 3 potions of curing
 l - 2 potions of haste
 n - 3 potions of might {unknown}
 s - 2 potions of heal wounds {unknown}
 w - 2 potions of flight {unknown}
 A - a potion of ambrosia {unknown}
 E - a potion of degeneration {unknown}


   Skills:
 + Level 2.9 Fighting
 + Level 3.9 Dodging
 - Level 10.0 Unarmed Combat
 + Level 3.1 Spellcasting
 - Level 8.1 Transmutations


You had 4 spell levels left.
You knew the following spells:

 Your Spells              Type           Power        Failure   Level
a - Beastly Appendage     Tmut           52%          1%          1
b - Wereblood             Tmut           26%          1%          2
c - Spider Form           Tmut/Pois      7%           11%         3
d - Ice Form              Ice/Tmut       21%          36%         4

Your spell library contained the following spells:

 Spells                   Type           Power        Failure   Level
 Blade Hands              Tmut           13%          19%         5


Dungeon Overview and Level Annotations

Branches:
Dungeon (7/15)             Temple (0/1) D:5

Altars:
Ashenzari
Kikubaaqudgha
Makhleb
Nemelex Xobeh
Uskayaw
Vehumet
Wu Jian

Shops:
D:6 *


Innate Abilities, Weirdness & Mutations

You can be seen from farther away. (+LOS)
You can swim through water.
You cover ground slowly.
You can hop short distances.
You have a pair of horns on your head.
You have razor-sharp toenails.


Message History

You punch the worker ant!
You kill the worker ant!
Makhleb accepts your kill.
You hit the orc warrior but do no damage.
You headbutt the orc warrior, but do no damage.
The orc priest hits you with a +0 hand axe.
The orc warrior closely misses you.
You hit the orc warrior.
You claw the orc warrior, but do no damage.
The orc warrior is lightly wounded.
The orc priest hits you with a +0 hand axe.
You barely miss the orc warrior. Your headbutt misses the orc warrior.
The orc warrior is lightly wounded.
The orc warrior hits you with a +0 scimitar!
* * * LOW HITPOINT WARNING * * *
As you read the scroll of teleportation, it crumbles to dust.
You feel strangely unstable.
The orc priest calls down the wrath of Beogh upon you.
Beogh smites you!
You die...

#. #+## # #o
#.### ### #
..o.. ..# ...
#..###.###.....
#...o..........
#.###..###.#
#......o@o.#
############


You could see an orc warrior and an orc priest.

Vanquished Creatures
  Eustachio (D:6)
  3 ogres
  A phantom (D:5)
  A wolf (D:5)
  2 centaurs
  2 gnoll sergeants (D:5)
  A wyvern skeleton (D:7)
  A scorpion (D:5)
  2 howler monkeys
  4 hounds
  A jelly (D:6)
  Crazy Yiuf (D:3)
  2 gnoll shamans (D:5)
  8 orc priests
  Jessica (D:3)
  2 orc wizards (D:6)
  8 worker ants
  2 iguanas (D:5)
  A hound skeleton (D:4)
  2 worker ant zombies
  10 gnolls
  A howler monkey skeleton (D:6)
  10 adders
  2 white imps
  An adder zombie (D:1)
  4 worms
  5 dart slugs
  5 leopard geckos
  22 orcs
  A ball python (D:3)
  A bat zombie (D:1)
  5 giant cockroaches
  4 goblins
  8 hobgoblins
  3 jackals (D:7)
  8 kobolds
  5 quokkas
  8 bats
  4 frilled lizards
  A jackal skeleton (D:2)
  A leopard gecko skeleton (D:6)
  A leopard gecko zombie (D:5)
  8 rats
164 creatures vanquished.

Notes
Turn   | Place    | Note
-------+----------+-------------------------------------------
     0 | D:1      | lastplaneout the Barachi Transmuter began the quest for the
                  | Orb.
     0 | D:1      | Reached XP level 1. HP: 15/15 MP: 3/3
   260 | D:1      | Reached XP level 2. HP: 20/21 MP: 3/5
   481 | D:1      | Reached skill level 4 in Unarmed Combat
   774 | D:1      | Reached XP level 3. HP: 24/26 MP: 4/6
  1751 | D:2      | Learned a level 2 spell: Wereblood
  1755 | D:2      | Learned a level 3 spell: Spider Form
  2334 | D:2      | Reached XP level 4. HP: 32/32 MP: 5/7
  2399 | D:2      | Reached skill level 5 in Unarmed Combat
  2647 | D:2      | Found a hide-covered altar of Uskayaw.
  2650 | D:2      | Noticed a +0 hand axe
  2650 | D:2      | Noticed a +0 hand axe
  3059 | D:3      | Noticed Jessica
  3070 | D:3      | Killed Jessica
  3169 | D:3      | Reached XP level 5. HP: 33/37 MP: 6/8
  3269 | D:3      | Found a runed translucent door.
  3270 | D:3      | Noticed Crazy Yiuf
  3281 | D:3      | Killed Crazy Yiuf
  4142 | D:3      | Found a burning altar of Makhleb.
  4155 | D:3      | Reached skill level 6 in Unarmed Combat
  4155 | D:3      | Reached XP level 6. HP: 41/43 MP: 9/9
  4216 | D:3      | Became a worshipper of Makhleb the Destroyer
  4255 | D:4      | Found an ancient bone altar of Kikubaaqudgha.
  4256 | D:4      | Found a sparkling altar of Nemelex Xobeh.
  4256 | D:4      | Found an ornate altar of the Wu Jian Council.
  4337 | D:4      | Reached skill level 7 in Unarmed Combat
  4337 | D:4      | Reached skill level 5 in Transmutations
  4337 | D:4      | Reached XP level 7. HP: 31/48 MP: 10/10
  4572 | D:4      | Learned a level 4 spell: Ice Form
  5299 | D:5      | Entered Level 5 of the Dungeon
  5368 | D:5      | Reached skill level 8 in Unarmed Combat
  5590 | D:5      | Reached * piety under Makhleb
  5598 | D:5      | Found a staircase to the Ecumenical Temple.
  5624 | D:5      | Reached XP level 8. HP: 30/54 MP: 11/11
  6100 | D:5      | Found a broken altar of Ashenzari.
  6166 | D:5      | Reached skill level 9 in Unarmed Combat
  7116 | D:5      | Reached skill level 10 in Unarmed Combat
  7739 | D:6      | Reached XP level 9. HP: 60/61 MP: 10/12
  7826 | D:6      | Found a radiant altar of Vehumet.
  7876 | D:6      | Found Zabuz's General Store.
  8037 | D:6      | Noticed Eustachio
  8052 | D:6      | Killed Eustachio
  8052 | D:6      | Reached ** piety under Makhleb
  8069 | D:6      | Got a tattered robe
  8080 | D:6      | Identified the +2 robe of Precision Catastrophes {rCorr}
                  | (You found it on level 6 of the Dungeon)
  8378 | D:6      | Got a scintillating ivory ring
  8380 | D:6      | Identified the ring of Gizyaqiqas {Ice Str+3 Stlth+} (You
                  | found it on level 6 of the Dungeon)
  8516 | D:7      | Killed from afar by an orc priest

Illustrated notes

Levels and vault maps discovered:
D:1:      saegor_arrival_fortress, layout_basic, hangedman_decor_diamond_cutter,
          minmay_small_reverse_x
D:2:      layout_basic, dancing_weapons_uskayaw
D:3:      layout_loops_ring, makhleb_heckhound_becter, uniq_crazy_yiuf_cottage,
          uniq_jessica
D:4:      layout_loops_ring, chequers_temple_overflow_statue_of_worship
D:5:      layout_cave_pools, kennysheep_mini, minmay_temple_entry_arrows,
          gup_sewer_entry_bowl, serial_gnoll_camp, gnoll_camp_mini_house,
          gnoll_camp_mini_sergeant, gnoll_camp_mini_house, gnoll_camp_mini_hut,
          chequers_serial_rivers_small_a, st_stairs_13
D:6:      layout_loops_ring, lemuel_round_altar, serial_shops,
          nicolae_shop_trees, nicolae_benzene_ring, hangedman_minor_gate_pass,
          uniq_eustachio
D:7:      layout_loops_corners, grunt_qazlal_sundering, serial_shops, shop

Skill      XL: |  1  2  3  4  5  6  7  8  9 |
---------------+----------------------------+-----
Unarmed Combat | 4 5 6 7 8 10 | 10.0
Transmutations | 3 4 5 7 8 |  8.1
Fighting       | 2 |  2.9
Dodging        | 3 |  3.9
Spellcasting   | 3 |  3.1

Action                   |  1- 3 |  4- 6 |  7- 9 || total
-------------------------+-------+-------+-------++-------
Melee: Unarmed           |   116 |   132 |   300 ||   548
       Headbutt          |     5 |    15 |    45 ||    65
       Kick              |    11 |    34 |    54 ||    99
       Punch             |     1 |     3 |    15 ||    19
 Cast: Beastly Appendage |    20 |    23 |    36 ||    79
       Wereblood         |     2 |       |       ||     2
  Use: Scroll            |     4 |     1 |     2 ||     7
       Potion            |       |       |     4 ||     4
 Stab: Sleeping          |     2 |       |       ||     2
Armor: Robe              |    25 |    35 |    66 ||   126
       Skin              |       |       |    35 ||    35
Dodge: Dodged            |    74 |    77 |   184 ||   335
